 Dungeon Crawl Stone Soup version 0.28-a0-1429-gf3d713df7a (webtiles) character file.

Game seed: 10363441067444443987

4 blackman the Conjurer (level 1, -1/14 HPs)
             Began as a Draconian Conjurer on Jan 8, 2022.
             Slain by a gnoll (7 damage)
             ... on level 1 of the Dungeon.
             The game lasted 00:01:09 (237 turns).

blackman the Conjurer (Draconian Conjurer)           Turns: 237, Time: 00:01:10

Health: -1/14      AC:  4    Str:  9    XL:     1   Next: 50%
Magic:  3/3        EV: 12    Int: 18    God:
Gold:   8          SH:  0    Dex:  9    Spells: 3/4 levels left

rFire   . . .      SeeInvis .   (no weapon)
rCold   . . .      Faith    .   b - orb {mayhem}
rNeg    . . .      Spirit   .   (armour unavailable)
rPois   .          Reflect  .   (helmet restricted)
rElec   .          Harm     .   (no cloak)
rCorr   .          Rampage  .   (no gloves)
Will    .....                   (no boots)
Stlth   ++........              (no amulet)
HPRegen 0.04/turn               (no ring)
MPRegen 0.08/turn               (no ring)

@: no status effects
A: AC +4, unfitting armour, cold-blooded
a: no special abilities


You were on level 1 of the Dungeon.
You visited 1 branch of the dungeon, and saw 1 of its levels.

You collected 8 gold pieces.

Inventory:

Armour
 b - an orb of mayhem (worn)


   Skills:
 - Level 1.7 Dodging
 - Level 1.7 Stealth
 - Level 2.0 Spellcasting
 + Level 4.2 Conjurations


You had 3 spell levels left.
You knew the following spells:

 Your Spells              Type           Power      Damage    Failure   Level
a - Magic Dart            Conj           68%        1d6       3%          1

Your spell library contained the following spells:

 Spells                   Type           Power      Damage    Failure   Level
 Searing Ray              Conj           34%        2d5       4%          2
 Dazzling Flash           Conj/Hex       18%        N/A       22%         3
 Fulminant Prism          Conj/Hex       4%         3d6       58%         4
 Iskenderun's Mystic Bla  Conj/Tloc      9%         2d4       58%         4


Dungeon Overview and Level Annotations

Branches:
Dungeon (1/15)

Altars:


Innate Abilities, Weirdness & Mutations

Your plain brown scales are hard. (AC +4)
You cannot fit into any form of body armour.
You are cold-blooded and may be slowed by cold attacks.


Message History

Confirm with . or Enter, or press ? or * to list all spells.
Aiming: Magic Dart (safe; 3% risk of failure)
Press: ? - help, Shift-Dir - straight line, f/p - rat
Aim: a rat (moderately wounded, 100% to hit)
The magic dart hits the rat.
You kill the rat!
You now have 8 gold pieces.
Key pressed, stopping explore.
a - a scroll labelled XEUMMAOL BOKK You see here a rat corpse.
Found a glowing orb.
Found a stone staircase leading down.
A gnoll comes into view. It is wielding a +0 spear.
The gnoll shouts!
A giant cockroach comes into view.
You see here an orb of mayhem.
b - an orb of mayhem The gnoll barely misses you.
The gnoll hits you from afar with a +0 spear.
Keep equipping yourself? [Y]es or [N]o only, please.
Keep equipping yourself?
You start putting on your armour.
You continue putting on your orb of mayhem.
The gnoll misses you.
You continue putting on your orb of mayhem.
The gnoll closely misses you.
You continue putting on your orb of mayhem.
The gnoll misses you.
You continue putting on your orb of mayhem.
The giant cockroach bites you but does no damage.
The gnoll hits you from afar with a +0 spear.
You finish putting on your orb of mayhem.
As you read the scroll labelled XEUMMAOL BOKK, it crumbles to dust.
It is a scroll of identify.
You don't have any unidentified items.
The giant cockroach barely misses you.
The gnoll hits you from afar with a +0 spear!
Ouch! That really hurt!
You die...

#.....# #.....#
#.....# #.....#
# #.....#.#
####.g...#.#
#...B......#.
+..>@.........
#.............
#.#.#.........
..
#.#..........
#..
#.#.........#
#.
#.#.......... #
#............
..#............
#.####........#


You could see a gnoll and a giant cockroach.

Vanquished Creatures
  A bat (D:1)
  An endoplasm (D:1)
  A ball python (D:1)
  A rat (D:1)
4 creatures vanquished.

Notes
Turn   | Place    | Note
-------+----------+-------------------------------------------
     0 | D:1      | blackman the Draconian Conjurer began the quest for the
                  | Orb.
     0 | D:1      | Reached XP level 1. HP: 14/14 MP: 3/3
   237 | D:1      | Slain by a gnoll

Illustrated notes

Levels and vault maps discovered:
D:1:      saegor_arrival_simple_b, layout_basic, serial_shops, shop

Action                   || total
-------------------------++-------
Melee: Unarmed           ||    19
       Tailslap          ||     2
 Cast: Magic Dart        ||     8
  Use: Scroll            ||     1
Armor: Skin              ||    13
Dodge: Dodged            ||    27

Table legend: (Time is in decaauts)
 A = Elapsed time spent in this place.
 B = Non-inter-level travel time spent in this place.
 C = Inter-level travel time spent in this place.
 D = Time resting spent in this place.
 E = Time spent auto-exploring this place.
 F = Levels seen in this place.
 G = Mean time per level.
                   A        B        C        D        E       F      G
               +--------+--------+--------+--------+--------+-----+--------+
         Total |    237 |    236 |      1 |      0 |    176 |   1 |  237.0 |
       Dungeon |    237 |    236 |      1 |      0 |    176 |   1 |  237.0 |
               +--------+--------+--------+--------+--------+-----+--------+

Top non-repeatable levels by time:
     D:1: 237 daAuts
